 Dungeon Crawl Stone Soup version 0.27-a0-1290-g15d3ce7508 (webtiles) character file.

Game seed: 17696654908030811105

964 27snakeeyes612 the Shield-Bearer (level 8, -4/42 HPs)
             Began as a Vine Stalker Fighter on June 15, 2021.
             Was a Believer of Okawaru.
             Slain by an orc warrior (10 damage)
             ... on level 8 of the Dungeon.
             The game lasted 00:09:53 (4387 turns).

27snakeeyes612 the Shield-Bearer (VSFi)             Turns: 4387, Time: 00:09:54

Health: -4/42      AC:  9    Str: 22    XL:     8   Next: 15%
Magic:  0/10       EV: 10    Int:  8    God:    Okawaru [**....]
Gold:   257        SH: 12    Dex:  9    Spells: 7/7 levels left

rFire    + . .     SeeInvis .   a - +0 flail
rCold    + . .     Faith    +   c - +0 kite shield
rNeg     + + .     Spirit   +   b - +0 scale mail
rPois    .         Reflect  .   (no helmet)
rElec    .         Harm     .   (no cloak)
rCorr    .         Rampage  .   l - +0 pair of gloves
Will     +....                  (no boots)
Stlth    +.........             g - amulet of Syban {Faith rF++ rN++ Dex-4}
HPRegen  1.14/turn              j - ring of ice
MPRegen  0.12/turn              v - ring of flight

@: heroic, flying
A: fangs 3, regeneration 1, magic shield, antimagic bite, no potion heal 2
a: Renounce Religion, Heroism


You were on level 8 of the Dungeon.
You worshipped Okawaru.
Okawaru was pleased with you.
You visited 1 branch of the dungeon, and saw 6 of its levels.

You collected 257 gold pieces.

Inventory:

Hand Weapons
 a - a +0 flail (weapon)
Missiles
 m - 7 datura-tipped darts (quivered)
Armour
 b - a +0 scale mail (worn)
 c - a +0 kite shield (worn)
 l - a +0 pair of gloves (worn)
Jewellery
 g - the amulet of Syban (around neck) {Faith rF++ rN++ Dex-4}
   (You acquired it on level 4 of the Dungeon)

   [amulet of faith]

   It allows you to gain divine favour quickly.
   It affects your dexterity (-4).
   It greatly protects you from fire.
   It greatly protects you from negative energy.
 j - a ring of ice (left hand)
 v - a ring of flight (right hand)
Wands
 n - a wand of digging (5)
Scrolls
 e - a scroll of immolation
 w - a scroll of amnesia
Potions
 d - a potion of invisibility
 f - 2 potions of heal wounds {unknown}
 h - a potion of ambrosia {unknown}
 i - a potion of magic {unknown}
 k - 2 potions of curing
 o - 2 potions of degeneration {unknown}
 p - 2 potions of haste {unknown}
 q - a potion of mutation {unknown}
 t - a potion of flight {unknown}
 x - a potion of lignification {unknown}


   Skills:
 + Level 4.5(9.5) Fighting
 + Level 4.1(9.1) Maces & Flails
 + Level 4.2(9.2) Armour
 - Level 0.1(5.1) Dodging
 + Level 5.0(10.0) Shields
 + Level 2.4 Invocations


You had 7 spell levels left.
You didn't know any spells.
Your spell library was empty.

Dungeon Overview and Level Annotations

Branches:
Dungeon (5/15)
 Temple: D:4-7

Altars:
Elyvilon
Okawaru
Uskayaw
Wu Jian

Annotations:
D:4 2 transporters, 2 runed translucent doors, meliss's ghost, amateur VSAE


Innate Abilities, Weirdness & Mutations

You have razor-sharp teeth.
Your natural rate of healing is unusually fast.
When hurt, damage is shared between your health and your magic reserves.
Your bite disrupts and absorbs the magic of your enemies.
Potions cannot restore your health.


Message History

* * * LOW HITPOINT WARNING * * *
You block the orc warrior's attack.
You feel like a meek peon again.
The orc warrior hits you with a +0 halberd!
The orc warrior hits you but does no damage.
You gain the combat prowess of a mighty hero.
The orc warrior hits you from afar with a +0 halberd!
You block the orc warrior's attack.
You hit the orc warrior.
You bite the orc warrior, but do no damage.
The orc warrior is heavily wounded.
You hit the orc warrior but do no damage.
The orc warrior is heavily wounded.
You block the orc's attack. You block the orc warrior's attack.
You barely miss the orc warrior. Your bite misses the orc warrior.
The orc warrior is heavily wounded.
You block the orc's attack. x2
The orc warrior hits you with a +0 halberd!
You hit the orc warrior but do no damage.
The orc warrior is heavily wounded.
The orc hits you with a +0 hand axe. You block the orc's attack.
You block the orc warrior's attack.
You hit the orc warrior.
You bite the orc warrior, but do no damage.
The orc warrior is severely wounded.
You block the orc's attack. x2
The orc warrior hits you with a +0 halberd!
You sock the orc warrior!
The orc warrior is almost dead.
The orc barely misses you. The orc hits you with a +0 hand axe.
The orc warrior hits you with a +0 halberd!
* * * LOW HITPOINT WARNING * * *
You hit the orc warrior but do no damage.
Your bite misses the orc warrior.
The orc warrior is almost dead.
You block the orc's attack. The orc hits you but does no damage.
The orc warrior barely misses you.
The orc throws a boomerang.
The boomerang misses you.
The orc warrior hits you with a +0 halberd!
You die...

#.#.#####..## ##.# ###...
#.#........# ###.#########.....
#.##.#####.###...>.........#...
#.##.######.#.................#
#.................#############
#.##.######.#.....# #.##o####
#o##o..## #.##o...# #.##oo##
#.#####.# #o##@## #.# #o#
#o##.# #.# #.# #.##.# #.# #o#
#.##.# #)## #.# #.##.#
#..####.###.##.#
#..............#
##...###....#.###
##....)##.###.##


You could see an orc warrior and 2 orcs.

Vanquished Creatures
  Pikel (D:8)
  A scorpion (D:4)
  A wyvern zombie (D:8)
  A centaur skeleton (D:4)
  2 iguanas (D:4)
  Jessica (D:3)
  Natasha (thrice) (D:3 D:2)
  7 gnolls
  7 adders
  An ufetubus (D:4)
  4 dart slugs
  11 orcs
  6 ball pythons
  3 endoplasms
  3 giant cockroaches
  8 goblins
  6 hobgoblins
  4 jackals
  A quokka (D:3)
  4 bats
  2 frilled lizards (D:1)
  5 kobolds
  4 rats
86 creatures vanquished.

Notes
Turn   | Place    | Note
-------+----------+-------------------------------------------
     0 | D:1      | 27snakeeyes612 the Vine Stalker Fighter began the quest for
                  | the Orb.
     0 | D:1      | Reached XP level 1. HP: 11/11 MP: 2/2
    88 | D:1      | Found a faded altar of an unknown god.
   409 | D:1      | Reached XP level 2. HP: 15/16 MP: 3/3
  1238 | D:2      | Reached XP level 3. HP: 10/19 MP: 2/4
  1431 | D:2      | Reached skill level 3 in Shields
  1615 | D:2      | Noticed an ogre
  1763 | D:3      | Noticed Natasha
  1768 | D:3      | Killed Natasha
  1769 | D:3      | Gained mutation: Your natural rate of healing is unusually
                  | fast. [Vine Stalker growth]
  1769 | D:3      | Reached XP level 4. HP: 11/24 MP: 3/5
  1993 | D:3      | Noticed Natasha
  1999 | D:3      | Killed Natasha
  2142 | D:3      | Reached XP level 5. HP: 28/28 MP: 6/6
  2252 | D:3      | Noticed Jessica
  2280 | D:3      | Killed Jessica
  2281 | D:3      | Reached skill level 4 in Shields
  2375 | D:3      | Noticed Natasha
  2449 | D:2      | Killed Natasha
  2450 | D:2      | Reached XP level 6. HP: 32/32 MP: 5/7
  2939 | D:4      | Found a transporter.
  2989 | D:4      | Found a transporter.
  3062 | D:4      | Identified a scroll of acquirement
  3062 | D:4      | Acquired the amulet of Syban {Faith rF++ rN++ Dex-4}
  3136 | D:4      | Found an ornate altar of the Wu Jian Council.
  3168 | D:4      | Found a white marble altar of Elyvilon.
  3239 | D:4      | Found an iron altar of Okawaru.
  3262 | D:4      | Became a worshipper of Warmaster Okawaru
  3335 | D:4      | Found a runed translucent door.
  3340 | D:4      | Noticed meliss's ghost (amateur VSAE)
  3552 | D:4      | Found a runed translucent door.
  3580 | D:4      | Reached XP level 7. HP: 26/37 MP: 5/8
  3950 | D:5      | Entered Level 5 of the Dungeon
  3954 | D:5      | You fall into a shaft and drop 3 floors!
  3964 | D:8      | Found a hide-covered altar of Uskayaw.
  4052 | D:8      | Noticed Pikel
  4109 | D:8      | Killed Pikel
  4109 | D:8      | Reached * piety under Okawaru
  4109 | D:8      | Reached ** piety under Okawaru
  4110 | D:8      | Reached skill level 5 in Shields
  4110 | D:8      | Gained mutation: You have razor-sharp teeth. [Vine Stalker
                  | growth]
  4110 | D:8      | Reached XP level 8. HP: 29/42 MP: 3/10
  4387 | D:8      | Slain by an orc warrior

Illustrated notes

Levels and vault maps discovered:
D:1:      tarquinn_simple_flora_water_d, layout_loops_corners,
          ebering_ecumenical_altar_rust
D:2:      layout_basic
D:3:      layout_basic, uniq_jessica, uniq_natasha
D:4:      gammafunk_steamed_eel, layout_loops_ring, kennysheep_mini,
          nicolae_overflow_crystal_walls, lemuel_coloured_pillars_altar,
          ebering_ghost_sewer_f
D:5:      layout_loops_ring, nicolae_qazlal_style_of_elements,
          lemuel_blue_sif_altar, serial_shops, shop, st_stairs_13
D:8:      layout_loops_ring, nicolae_uskayaw_murder_on_the_dancefloor,
          uniq_psyche, uniq_pikel

Skill      XL: |  1  2  3  4  5  6  7 |
---------------+----------------------+-----
Maces & Flails | 2 3 4 |  4.1
Fighting       | 3 4 |  4.5
Shields        | 3 4 5 |  5.0
Armour         | 3 4 |  4.2
Invocations    | 2 |  2.4
Dodging        | |  0.1

Action                   |  1- 3 |  4- 6 |  7- 9 || total
-------------------------+-------+-------+-------++-------
Melee: Flail             |    84 |   187 |    70 ||   341
       Bite              |    27 |    52 |    18 ||    97
Invok: Heroism           |       |       |     2 ||     2
  Use: Potion            |       |     1 |       ||     1
       Scroll            |       |     3 |     4 ||     7
Armor: Scale mail        |    42 |    64 |    14 ||   120
Dodge: Dodged            |    35 |    63 |    25 ||   123
Block: Kite shield       |    53 |   106 |    38 ||   197

Table legend: (Time is in decaauts)
 A = Elapsed time spent in this place.
 B = Non-inter-level travel time spent in this place.
 C = Inter-level travel time spent in this place.
 D = Time resting spent in this place.
 E = Time spent auto-exploring this place.
 F = Levels seen in this place.
 G = Mean time per level.
                   A        B        C        D        E       F      G
               +--------+--------+--------+--------+--------+-----+--------+
         Total |   4557 |   4460 |     97 |    435 |   1855 |   6 |  759.5 |
       Dungeon |   4557 |   4460 |     97 |    435 |   1855 |   6 |  759.5 |
               +--------+--------+--------+--------+--------+-----+--------+

Top non-repeatable levels by time:
     D:1: 1587 daAuts
     D:3: 1091 daAuts
     D:4: 1062 daAuts
     D:8: 456 daAuts
     D:2: 354 daAuts
     D:5: 3 daAuts
